cohdb
Replays
Latest Replays
All Replays
Popular Replays
Top Player Replays
Match Explorer
How It Works
Community
CoH3 Stats
Reddit
Sign in to upload your games and track your stats! →
Sign in with Steam
Match 41584772
Unlisted
Match 41584772
Overview
Messages
Build Orders
End
Construct Section Command Post
Selects Air and Sea Battlegroup
Vickers Machine Gun Team
ML 3-inch Mortar Team
Royal Engineer Section
Construct Platoon Command Post
6-pounder Anti-tank Gun Team
Selects Commando Section Paradrop
Commando Section Paradrop
Selects Commando Support Section Paradrop
Commando Support Section Paradrop
Construct Company Command Post
Selects Supply Surplus
Construct Field Infirmary
Forward Retreat Point
Crusader II Medium Tank
Crusader II Medium Tank
Crusader II Medium Tank
Armored Vehicle Training
Selects Anti-tank Rocket Loiter
Anti-tank Rocket Loiter
Selects UNKNOWN (223837)
Crusader II Medium Tank
Officer
SECURITUS GADIUS
『BlackBear』
Seraph
打飞医保卡
嫂子开门我是我哥
Jonnies
只出曲线
0
0
Comments
sign in to comment!
No comments posted yet!